AoeStats
← ronadinio

Arabia

510286650Analyzed
1v1 RM · 19h ago on Sep 30, 2026· 38m 20s· 2 players
Game mode
Random Map
Map size
Tiny (2 player)
Population
200
Speed
Normal
Resources
Standard
Victory
Conquest
Starting age
Dark Age
Ending age
Imperial Age
RankedLock teamsTeams togetherTeam positionsShared explorationLock speedFull tech treeHidden civsTurbo modeCheats
Victory
Defeat
🇹🇷 Spanish · Türkiye
1033
+17
🇹🇼 Romans · Taiwan
1062
-17
ronadinio
6:29 Loom
10:09 Feudal Age
15:50 Castle Age
22:13 Double-Bit Axe
23:25 Horse Collar
26:18 Wheelbarrow
25:52 Heavy Plow
28:54 Husbandry
29:28 Gold Mining
30:03 Padded Archer Armor
32:01 Leather Archer Armor
38:06 Imperial Age
ryanlee0512
7:45 Loom
9:56 Feudal Age
11:13 Double-Bit Axe
12:29 Horse Collar
21:08 Castle Age
23:10 Bow Saw
23:01 Heavy Plow
23:39 Wheelbarrow
22:55 Stone Mining
22:57 Gold Mining
23:09 Man-at-Arms
23:11 Pikeman
24:02 Forging
25:58 Iron Casting
26:22 Scale Mail Armor
29:26 Chain Mail Armor
33:16 Imperial Age
31:09 Hand Cart
30:40 Town Watch
30:49 Fletching
32:15 Squires
34:27 Conscription
38:58 Ballistas
Connection lost

Rejoining the realm…

Still unreachable

The connection could not be restored.

Session expired

The server has moved on; the page needs a fresh start.